| TOP OF THE 1ST |
|
Cabo San Lucas Worms batting - Pitching for Montego Bay Reefers : RHP Marcos Cortez
|
|
Pitching: RHP Marcos Cortez
|
|
|
Batting: SHB Mike Felder
|
0-0: Ball 1-0: Ball 2-0: Foul Ball, location: 2F 2-1: Called Strike 2-2: Foul Ball, location: 2F 2-2: Foul Ball, location: 2F 2-2: Strikes out swinging
|
|
Batting: RHB Al Cowens
|
0-0: Called Strike 0-1: Ball 1-1: Ball 2-1: Ball 3-1: Foul Ball, location: 2F 3-2: Base on Balls
|
|
Batting: LHB Ernie Riles
|
0-0: Called Strike Al Cowens steals 2nd base 0-1: Swinging Strike 0-2: Strikes out swinging
|
|
Batting: LHB Louie Meadows
|
0-0: Ball 1-0: Fly out, F9 (Flyball, 9LM, EV 96.9 MPH)
|
| Top of the 1st over - 0 runs, 0 hits, 0 errors, 1 left on base; Cabo San Lucas 0 - Montego Bay 0 |
| BOTTOM OF THE 1ST |
|
Montego Bay Reefers batting - Pitching for Cabo San Lucas Worms : LHP Zane Smith
|
|
Pitching: LHP Zane Smith
|
|
|
Batting: LHB Dion James
|
0-0: Ball 1-0: Ball 2-0: Called Strike 2-1: Ball 3-1: Reached on error, E6 (Groundball, 6, EV 93.1 MPH)
|
|
Batting: RHB Darryl Motley
|
0-0: Called Strike 0-1: Ball 1-1: Ball 2-1: Swinging Strike Passed Ball! Dion James to second 2-2: Ball 3-2: Base on Balls
|
|
Batting: RHB Brook Jacoby
|
0-0: Called Strike 0-1: Ball 1-1: Fly out, F2 (Popup, 3SF, EV 83.1 MPH)
|
|
Batting: RHB Jim Presley
|
0-0: SINGLE (Flyball, 56D, EV 87.5 MPH) Dion James to third Darryl Motley to second
|
|
Batting: RHB Alvaro Espinoza
|
0-0: Ball 1-0: Fly out, F7 (Flyball, 78D, EV 86.9 MPH) Runner from 3rd tags up, OUT at HOME! 7-2
|
| Bottom of the 1st over - 0 runs, 1 hit, 1 error, 2 left on base; Cabo San Lucas 0 - Montego Bay 0 |
| TOP OF THE 2ND |
|
Cabo San Lucas Worms batting - Pitching for Montego Bay Reefers : RHP Marcos Cortez
|
|
Batting: SHB Al Newman
|
0-0: Called Strike 0-1: Ball 1-1: Ball 2-1: Ground out U3 (Groundball, 34, EV 80.0 MPH)
|
|
Batting: RHB Bill Pecota
|
0-0: Swinging Strike 0-1: Ball 1-1: Foul Ball, location: 2F 1-2: Ball 2-2: Fly out, F8 (Flyball, 8RM, EV 93.1 MPH)
|
|
Batting: LHB Joseph Bruno
|
0-0: Called Strike 0-1: Foul Ball, location: 2F 0-2: Ball 1-2: Ball 2-2: Ball 3-2: Foul Ball, location: 2F 3-2: Foul Ball, location: 2F 3-2: SINGLE (Groundball, 5S, EV 70.6 MPH) (infield hit)
|
|
Batting: LHB Derwin McNealy
|
0-0: Ball 1-0: Foul Ball, location: 2F 1-1: Fielders Choice at 2nd, U6 (Groundball, 6M, EV 107.5 MPH)
|
| Top of the 2nd over - 0 runs, 1 hit, 0 errors, 1 left on base; Cabo San Lucas 0 - Montego Bay 0 |
| BOTTOM OF THE 2ND |
|
Montego Bay Reefers batting - Pitching for Cabo San Lucas Worms : LHP Zane Smith
|
|
Batting: LHB Alex Castaneda
|
0-0: Fly out, F7 (Flyball, 7, EV 85.6 MPH)
|
|
Batting: RHB Phil Lombardi
|
0-0: Swinging Strike 0-1: Ground out 6-3 (Groundball, 6S, EV 79.4 MPH)
|
|
Batting: RHB Antonio Quevedo
|
0-0: Ball 1-0: Fly out, F7 (Flyball, 7, EV 76.3 MPH)
|
| Bottom of the 2nd over - 0 runs, 0 hits, 0 errors, 0 left on base; Cabo San Lucas 0 - Montego Bay 0 |
| TOP OF THE 3RD |
|
Cabo San Lucas Worms batting - Pitching for Montego Bay Reefers : RHP Marcos Cortez
|
|
Batting: RHB Chino Cadahia
|
0-0: Called Strike 0-1: Ground out 6-3 (Groundball, 6, EV 103.8 MPH)
|
|
Batting: SHB Mike Felder
|
0-0: Ball 1-0: Ground out 4-3 (Groundball, 4M, EV 105.0 MPH)
|
|
Batting: RHB Al Cowens
|
0-0: Swinging Strike 0-1: Ball 1-1: Ball 2-1: Ball 3-1: Swinging Strike 3-2: Strikes out looking
|
| Top of the 3rd over - 0 runs, 0 hits, 0 errors, 0 left on base; Cabo San Lucas 0 - Montego Bay 0 |
| BOTTOM OF THE 3RD |
|
Montego Bay Reefers batting - Pitching for Cabo San Lucas Worms : LHP Zane Smith
|
|
Batting: SHB Manny Galvez
|
0-0: Called Strike 0-1: SINGLE (Groundball, 5S, EV 70.0 MPH) (infield hit)
|
|
Batting: LHB Dion James
|
0-0: Called Strike 0-1: Ball 1-1: Fly out, F9 (Line Drive, 9, EV 87.5 MPH)
|
|
Batting: RHB Darryl Motley
|
0-0: Grounds into double play, 5-4-3 (Groundball, 56, EV 86.3 MPH)
|
| Bottom of the 3rd over - 0 runs, 1 hit, 0 errors, 0 left on base; Cabo San Lucas 0 - Montego Bay 0 |
| TOP OF THE 4TH |
|
Cabo San Lucas Worms batting - Pitching for Montego Bay Reefers : RHP Marcos Cortez
|
|
Batting: LHB Ernie Riles
|
0-0: Foul Ball, location: 2F 0-1: Foul Ball, location: 2F 0-2: Ball 1-2: Ball 2-2: SINGLE (Groundball, 4MD, EV 98.8 MPH)
|
|
Batting: LHB Louie Meadows
|
0-0: Ball 1-0: Foul Ball, location: 2F 1-1: Ball 2-1: Called Strike 2-2: Strikes out swinging
|
|
Batting: SHB Al Newman
|
0-0: Called Strike 0-1: Called Strike 0-2: Ball Ernie Riles is caught stealing 2nd base 2-6 1-2: Ground out 5-3 (Groundball, 5, EV 84.4 MPH)
|
| Top of the 4th over - 0 runs, 1 hit, 0 errors, 0 left on base; Cabo San Lucas 0 - Montego Bay 0 |
| BOTTOM OF THE 4TH |
|
Montego Bay Reefers batting - Pitching for Cabo San Lucas Worms : LHP Zane Smith
|
|
Batting: RHB Brook Jacoby
|
0-0: Called Strike 0-1: Swinging Strike 0-2: Foul Ball, location: 2F 0-2: Foul Ball, location: 2F 0-2: Ball 1-2: Ball 2-2: Reached on error, E5 (Groundball, 56S, EV 88.8 MPH)
|
|
Batting: RHB Jim Presley
|
0-0: Foul Ball, location: 2F 0-1: Foul Ball, location: 2F 0-2: Strikes out swinging
|
|
Batting: RHB Alvaro Espinoza
|
0-0: Called Strike 0-1: Ball 1-1: SINGLE (Groundball, 56D, EV 97.5 MPH) Brook Jacoby to second
|
|
Batting: LHB Alex Castaneda
|
0-0: Ball 1-0: Ball 2-0: Swinging Strike 2-1: Fielders Choice at 2nd, 1-6 (Groundball, P, EV 73.8 MPH) Brook Jacoby to third
|
|
Batting: RHB Phil Lombardi
|
0-0: Ball 1-0: Ball 2-0: Called Strike 2-1: Foul Ball, location: 2F 2-2: Fielders Choice at 2nd, 6-4 (Groundball, 6, EV 87.5 MPH)
|
| Bottom of the 4th over - 0 runs, 1 hit, 1 error, 2 left on base; Cabo San Lucas 0 - Montego Bay 0 |
| TOP OF THE 5TH |
|
Cabo San Lucas Worms batting - Pitching for Montego Bay Reefers : RHP Marcos Cortez
|
|
Batting: RHB Bill Pecota
|
0-0: Called Strike 0-1: Ball 1-1: Foul Ball, location: 2F 1-2: Strikes out swinging
|
|
Batting: LHB Joseph Bruno
|
0-0: Ball 1-0: Foul Ball, location: 2F 1-1: Fly out, F7 (Flyball, 7LM, EV 94.4 MPH)
|
|
Batting: LHB Derwin McNealy
|
0-0: Called Strike 0-1: Ball 1-1: Ball 2-1: Foul Ball, location: 2F 2-2: Fly out, F6 (Popup, 6MD, EV 55.0 MPH)
|
| Top of the 5th over - 0 runs, 0 hits, 0 errors, 0 left on base; Cabo San Lucas 0 - Montego Bay 0 |
| BOTTOM OF THE 5TH |
|
Montego Bay Reefers batting - Pitching for Cabo San Lucas Worms : LHP Zane Smith
|
|
Batting: RHB Antonio Quevedo
|
0-0: Called Strike 0-1: Ground out 4-3 (Groundball, 34, EV 103.8 MPH)
|
|
Batting: SHB Manny Galvez
|
0-0: Ball 1-0: Called Strike 1-1: Swinging Strike 1-2: Ground out U3 (Groundball, 3, EV 88.8 MPH)
|
|
Batting: LHB Dion James
|
0-0: Ball 1-0: Fly out, F8 (Flyball, 8LM, EV 95.6 MPH)
|
| Bottom of the 5th over - 0 runs, 0 hits, 0 errors, 0 left on base; Cabo San Lucas 0 - Montego Bay 0 |
| TOP OF THE 6TH |
|
Cabo San Lucas Worms batting - Pitching for Montego Bay Reefers : RHP Marcos Cortez
|
|
Batting: RHB Chino Cadahia
|
0-0: Ball 1-0: Ground out 5-3 (Groundball, 56, EV 85.6 MPH)
|
|
Batting: SHB Mike Felder
|
0-0: Ground out 5-3 (Groundball, 56S, EV 79.4 MPH)
|
|
Batting: RHB Al Cowens
|
0-0: Ball 1-0: Ball 2-0: Ball 3-0: Base on Balls
|
|
Pitching: LHP Juan Valdez
|
|
|
Batting: LHB Ernie Riles
|
0-0: Foul Ball, location: 2F 0-1: Ball 1-1: Ball 2-1: Ground out 6-3 (Groundball, 56D, EV 107.5 MPH)
|
| Top of the 6th over - 0 runs, 0 hits, 0 errors, 1 left on base; Cabo San Lucas 0 - Montego Bay 0 |
| BOTTOM OF THE 6TH |
|
Montego Bay Reefers batting - Pitching for Cabo San Lucas Worms : LHP Zane Smith
|
|
Batting: RHB Darryl Motley
|
0-0: Called Strike 0-1: Called Strike 0-2: Fly out, F8 (Flyball, 8RD, EV 100.0 MPH)
|
|
Batting: RHB Brook Jacoby
|
0-0: Swinging Strike 0-1: Ground out 6-3 (Groundball, 6, EV 86.3 MPH)
|
|
Batting: RHB Jim Presley
|
0-0: Fly out, F9 (Flyball, 9LS, EV 82.5 MPH)
|
| Bottom of the 6th over - 0 runs, 0 hits, 0 errors, 0 left on base; Cabo San Lucas 0 - Montego Bay 0 |
| TOP OF THE 7TH |
|
Cabo San Lucas Worms batting - Pitching for Montego Bay Reefers : LHP Juan Valdez
|
|
Batting: LHB Louie Meadows
|
0-0: Ball 1-0: Ball 2-0: Fly out, F8 (Line Drive, 8RM, EV 95.0 MPH)
|
|
Batting: SHB Al Newman
|
0-0: Swinging Strike 0-1: Fly out, F8 (Flyball, 8RD, EV 108.1 MPH)
|
|
Batting: RHB Bill Pecota
|
0-0: Ground out U3 (Groundball, 3S, EV 70.6 MPH)
|
| Top of the 7th over - 0 runs, 0 hits, 0 errors, 0 left on base; Cabo San Lucas 0 - Montego Bay 0 |
| BOTTOM OF THE 7TH |
|
Montego Bay Reefers batting - Pitching for Cabo San Lucas Worms : LHP Zane Smith
|
|
Batting: RHB Alvaro Espinoza
|
0-0: Ball 1-0: SINGLE (Groundball, 4S, EV 66.9 MPH) (infield hit)
|
|
Batting: LHB Alex Castaneda
|
0-0: Ball 1-0: Foul Ball, location: 2F 1-1: Foul Ball, location: 2F 1-2: Ball 2-2: Ball 3-2: Strikes out swinging
|
|
Batting: RHB Phil Lombardi
|
0-0: Swinging Strike 0-1: SINGLE (Groundball, 6MD, EV 98.8 MPH) Alvaro Espinoza to second Runner from 2nd tries for 3rd, SAFE, throw by CF made to third
|
|
Batting: RHB Antonio Quevedo
|
0-0: Ball 1-0: Foul Ball, location: 2F 1-1: Fielders Choice at 2nd, 4-6 (Groundball, 4, EV 80.6 MPH) Alvaro Espinoza scores
|
|
Batting: SHB Manny Galvez
|
0-0: Ball 1-0: Ball 2-0: Called Strike 2-1: Foul Ball, location: 2F 2-2: Ball Antonio Quevedo steals 2nd base 3-2: Hit by Pitch
|
|
Batting: LHB Dion James
|
0-0: Ball 1-0: Called Strike 1-1: Called Strike 1-2: Fly out, F8 (Line Drive, 8LD, EV 91.9 MPH)
|
| Bottom of the 7th over - 1 run, 2 hits, 0 errors, 2 left on base; Cabo San Lucas 0 - Montego Bay 1 |
| TOP OF THE 8TH |
|
Cabo San Lucas Worms batting - Pitching for Montego Bay Reefers : LHP Juan Valdez
|
|
Pitching: RHP Geoff Combe
|
|
|
Batting: LHB Joseph Bruno
|
0-0: Ground out 4-3 (Groundball, 34D, EV 97.5 MPH)
|
|
Batting: LHB Derwin McNealy
|
0-0: Fly out, F4 (Flyball, 34D, EV 85.0 MPH)
|
|
Batting: RHB Chino Cadahia
|
0-0: Ground out 6-3 (Groundball, 6M, EV 85.0 MPH)
|
| Top of the 8th over - 0 runs, 0 hits, 0 errors, 0 left on base; Cabo San Lucas 0 - Montego Bay 1 |
| BOTTOM OF THE 8TH |
|
Montego Bay Reefers batting - Pitching for Cabo San Lucas Worms : LHP Zane Smith
|
|
Pitching: RHP Bob Tewksbury
|
|
|
Batting: RHB Darryl Motley
|
0-0: Ground out 1-3 (Groundball, 34S, EV 65.6 MPH)
|
|
Batting: RHB Brook Jacoby
|
0-0: Called Strike 0-1: Foul Ball, location: 2F 0-2: Ball 1-2: Ball 2-2: Foul Ball, location: 2F 2-2: Foul Ball, location: 2F 2-2: Ball 3-2: Base on Balls
|
|
Batting: RHB Jim Presley
|
0-0: Called Strike 0-1: Fly out, F8 (Flyball, 8LM, EV 86.3 MPH)
|
|
Batting: RHB Alvaro Espinoza
|
0-0: Called Strike 0-1: Swinging Strike 0-2: Fly out, F5 (Flyball, 5D, EV 70.6 MPH)
|
| Bottom of the 8th over - 0 runs, 0 hits, 0 errors, 1 left on base; Cabo San Lucas 0 - Montego Bay 1 |
| TOP OF THE 9TH |
|
Cabo San Lucas Worms batting - Pitching for Montego Bay Reefers : RHP Geoff Combe
|
|
Batting: SHB Mike Felder
|
0-0: Swinging Strike 0-1: Swinging Strike 0-2: Ball 1-2: Ball 2-2: Ball 3-2: Strikes out swinging
|
|
Batting: RHB Al Cowens
|
0-0: Fly out, F9 (Flyball, 9LM, EV 76.9 MPH)
|
|
Batting: LHB Ernie Riles
|
0-0: Ball 1-0: Called Strike 1-1: Ball 2-1: Ground out 6-3 (Groundball, 56, EV 87.5 MPH)
|
| Top of the 9th over - 0 runs, 0 hits, 0 errors, 0 left on base; Cabo San Lucas 0 - Montego Bay 1 |
|